 Dungeon Crawl Stone Soup version 0.18-a0-1745-gffa9a88 (webtiles) character file.

802 inmateoo the Skirmisher (level 7, -1/66 HPs)
             Began as a Minotaur Necromancer on Apr 12, 2016.
             Slain by an ogre
             ... wielding a +0 giant spiked club
              (12 damage)
             ... on level 5 of the Dungeon.
             The game lasted 00:05:18 (5075 turns).

inmateoo the Skirmisher (Minotaur Necromancer)      Turns: 5075, Time: 00:05:19

Health: -1/66      AC:  9    Str: 15    XL:     7   Next: 59%
Magic:  8/8        EV:  7    Int: 12    God:
Gold:   268        SH:  0    Dex: 10    Spells: 1 memorised, 7 levels left

rFire  . . .     SeeInvis +     u - +0 falchion (elec)
rCold  . . .     Gourm    .     s - +0 chain mail
rNeg   . . .     Faith    .     (no shield)
rPois  .         Spirit   .     (helmet restricted)
rElec  .         Dismiss  .     (no cloak)
rCorr  .         Reflect  .     p - +0 pair of gloves
SustAt .         Harm     .     (no boots)
MR     .....                    (no amulet)
Stlth  ..........               z - ring of see invisible
                                e - ring of stealth

@: not resistant to hostile enchantments, extremely unstealthy
A: retaliatory headbutt, horns 2
a: no special abilities


You were on level 5 of the Dungeon.
You were hungry.

You visited 1 branch of the dungeon, and saw 5 of its levels.

You collected 268 gold pieces.

Inventory:

Hand Weapons
 i - a +0 club
 t - a +0 flail
 u - a +0 falchion of electrocution (weapon)
Armour
 p - a +0 pair of gloves (worn)
 s - a +0 chain mail (worn)
Jewellery
 a - an uncursed ring of ice
 e - a ring of stealth (left hand)
 z - a ring of see invisible (right hand)
Scrolls
 d - 3 scrolls of remove curse
 f - a scroll of recharging {unknown}
 g - a scroll of enchant armour {unknown}
 h - 2 scrolls of amnesia {unknown}
 j - 2 scrolls of magic mapping {unknown}
 n - 3 scrolls of teleportation {unknown}
 q - a scroll of fog
 C - a scroll of enchant weapon {unknown}
 E - a scroll of blinking {unknown}
Potions
 k - 2 potions of cancellation
 l - a potion of invisibility {unknown}
 m - a potion of flight {unknown}
 v - 2 potions of brilliance {unknown}
 w - a potion of curing {unknown}
 B - a potion of lignification {unknown}
 D - a potion of agility {unknown}
 F - a potion of heal wounds
Books
 b - a book of Necromancy

   Spells                             Type                      Level
   a - Pain                           Necromancy                   1
   b - Animate Skeleton               Necromancy                   1
   c - Vampiric Draining              Necromancy                   3
   d - Regeneration                   Charms/Necromancy            3
   e - Animate Dead                   Necromancy                   4
   f - Control Undead                 Necromancy                   4
Miscellaneous
 x - a plain deck of escape
Comestibles
 c - 3 bread rations
 o - a meat ration
 r - 2 royal jellies
 A - a beef jerky


   Skills:
 - Level 7.2 Fighting
 * Level 6.4 Long Blades
 + Level 2.1 Armour
 - Level 2.1 Dodging
 - Level 1.5 Stealth
 - Level 1.3 Spellcasting
 - Level 2.9 Necromancy


You had 7 spell levels left.
You knew the following spells:

 Your Spells              Type           Power        Failure   Level  Hunger
a - Pain                  Necr           #...         99%         1    ##.....


Dungeon Overview and Level Annotations

Branches:
Dungeon (5/15)
 Temple: D:4-7

Altars:
Dithmenos
Nemelex Xobeh
Pakellas
Vehumet
Xom
The Shining One

Annotations:
D:4 1 runed door


Innate Abilities, Weirdness & Mutations

You reflexively headbutt those who attack you in melee.
You have a pair of horns on your head.


Message History

The ogre shouts!
An ogre is nearby!
An ogre is nearby!
An ogre is nearby!
The ogre barely misses you.
You slash the ogre!
The ogre is moderately wounded.
Your chain mail prevents you from hitting the ogre.
The ogre is moderately wounded.
The ogre hits you with a giant spiked club!!
You barely miss the ogre.
The ogre is moderately wounded.
The ogre hits you with a giant spiked club!!
* * * LOW HITPOINT WARNING * * *
You are too injured to fight recklessly!
You are too injured to fight recklessly!
You hit the ogre. You headbutt the ogre.
The ogre is heavily wounded.
The ogre hits you with a giant spiked club!
You die...

#.###### #..O@..#
.######.#
....###.#######
#...........###
#.....###......
.....#..<........
.....#..)#.......
.... ######......
... ......


You could see an ogre.

Vanquished Creatures
  Sigmund (D:5)
  The ghost of M4edhros the Sneak, an amateur OpAr of Ashenzari (D:3)
  A scorpion (D:4)
  A howler monkey (D:4)
  A crimson imp (D:4)
  A hound (D:4)
  3 orc wizards (D:4)
  A centaur skeleton (D:5)
  An orc priest (D:3)
  Jessica (D:2)
  3 worker ants
  5 adders
  4 worms
  5 dart slugs
  2 giant geckos
  17 orcs
  6 bats
  5 giant cockroaches
  7 hobgoblins
  6 jackals
  2 quokkas
  3 ball pythons
  6 giant newts
  8 goblins
  9 kobolds
  7 rats
107 creatures vanquished.

Notes
Turn   | Place    | Note
--------------------------------------------------------------
     0 | D:1      | inmateoo the Minotaur Necromancer began the quest for the Orb.
     0 | D:1      | Reached XP level 1. HP: 14/14 MP: 1/1
    60 | D:1      | Reached skill level 1 in Fighting
   361 | D:1      | Reached skill level 2 in Fighting
   361 | D:1      | Reached XP level 2. HP: 9/24 MP: 3/3
  1424 | D:1      | Reached skill level 3 in Fighting
  1834 | D:1      | Reached XP level 3. HP: 27/31 MP: 4/4
  2099 | D:2      | Reached skill level 4 in Fighting
  2417 | D:2      | Found a radiant altar of Vehumet.
  2431 | D:2      | Noticed Jessica
  2439 | D:2      | Killed Jessica
  2439 | D:2      | Reached XP level 4. HP: 18/41 MP: 5/5
  2800 | D:3      | Reached skill level 5 in Fighting
  3277 | D:3      | Reached XP level 5. HP: 47/49 MP: 6/6
  3298 | D:3      | Noticed M4edhros's ghost (amateur OpAr)
  3340 | D:3      | Killed M4edhros's ghost
  3340 | D:3      | Reached skill level 6 in Fighting
  3552 | D:3      | Reached skill level 7 in Fighting
  3599 | D:3      | Reached XP level 6. HP: 19/60 MP: 7/7
  3896 | D:3      | Found a shadowy altar of Dithmenos.
  4094 | D:3      | Reached skill level 1 in Long Blades
  4147 | D:3      | Found a shimmering altar of Xom.
  4185 | D:4      | Found a sparkling altar of Nemelex Xobeh.
  4424 | D:4      | Reached XP level 7. HP: 41/66 MP: 8/8
  4827 | D:4      | Reached skill level 5 in Long Blades
  4838 | D:4      | Found a glowing golden altar of the Shining One.
  4838 | D:4      | Found a runed door.
  4838 | D:4      | Noticed an angel
  4931 | D:4      | Found an oddly glowing altar of Pakellas.
  5050 | D:5      | Entered Level 5 of the Dungeon
  5050 | D:5      | Noticed Sigmund
  5057 | D:5      | Killed Sigmund
  5057 | D:5      | Reached skill level 1 in Armour
  5075 | D:5      | Slain by an ogre

Vault maps used:
D:1:      dpeg_arrival_rhombi
D:2:      vehumet_crystals, st_stairs_10, grunt_ministairs_8,
          kennysheep_generic_room_12, uniq_jessica
D:3:      nicolae_overflow_crystal_walls, lemuel_coloured_pillars_altar,
          first_bread, corexii_hall_statues_x
D:4:      nemelex_deck, kennysheep_little_box, lemuel_angel_altar
D:5:      kennysheep_boxes, uniq_sigmund

Skill      XL: |  1  2  3  4  5  6  7 |
---------------+----------------------+-----
Fighting       | 2 3 4 5 7 |  7.2
Long Blades    | 4 6 |  6.4
Armour         | 2 |  2.1
Dodging        | |  2.1
Stealth        | |  1.5
Spellcasting   | |  1.3
Necromancy     | |  2.9

Action                   |  1- 3 |  4- 6 |  7- 9 || total
-------------------------+-------+-------+-------++-------
Melee: Unarmed           |    31 |       |       ||    31
       Club              |    85 |   112 |       ||   197
       Flail             |       |    25 |       ||    25
       Falchion          |       |    59 |    43 ||   102
  Use: Scroll            |     2 |     3 |     1 ||     6
       Potion            |       |     2 |       ||     2
 Stab: Sleeping          |     2 |       |       ||     2
  Eat: Chunk             |     5 |     7 |     1 ||    13
